 Dungeon Crawl Stone Soup version 0.31.0-11-ge490571c62 (webtiles) character file.

Game seed: 14879339341109111651

669 browni3141 the Chopper (level 7, -6/61 HPs)
             Began as a Minotaur Fighter on Jan 27, 2024.
             Was a Believer of Okawaru.
             Mangled by an ice beast (8 damage)
             ... on level 6 of the Dungeon.
             The game lasted 00:01:14 (1478 turns).

browni3141 the Chopper (Minotaur Fighter)           Turns: 1478, Time: 00:01:15

Health: -6/61      AC:  7    Str: 23    XL:     7   Next: 32%
Magic:  7/7        EV:  9    Int:  5    God:    Okawaru [**....]
Gold:   118        SH:  5    Dex:  9    Spells: 6/6 levels left

rFire   + . .        a - +0 war axe
rCold   . . .        c - +0 buckler
rNeg    . . .        b - +0 scale mail
rPois   .            (helmet restricted)
rElec   .            (no cloak)
rCorr   .            (no gloves)
SInv    .            (no boots)
Will    +....        (no amulet) Stlth
                     e - ring of willpower
HPRegen 0.30/turn    f - ring of protection from fire
MPRegen 0.10/turn

%: no passive effects
@: no status effects
A: horns 2, retaliatory headbutt
a: Renounce Religion, Heroism


You were on level 6 of the Dungeon.
You worshipped Okawaru.
Okawaru was pleased with you.
You visited 2 branches of the dungeon, and saw 7 of its levels.

You collected 118 gold pieces.

Inventory:

Hand Weapons
 a - a +0 war axe (weapon)
Armour
 b - a +0 scale mail (worn)
 c - a +0 buckler (worn)
Jewellery
 e - a ring of willpower (left hand)
 f - a ring of protection from fire (right hand)
 j - a +6 ring of intelligence
Wands
 h - a wand of paralysis (9)
Scrolls
 k - a scroll of identify {unknown}
 l - a scroll of immolation {unknown}
Potions
 d - a potion of might
 g - a potion of haste {unknown}
 i - 2 potions of berserk rage {unknown}


   Skills:
 + Level 5.6 Fighting
 * Level 6.2 Axes
 + Level 5.4 Armour
 + Level 5.4 Shields
 * Level 1.9 Invocations


You had 6 spell levels left.
You didn't know any spells.
Your spell library was empty.

Dungeon Overview and Level Annotations

Branches:
Dungeon (6/15)             Temple (1/1) D:4

Altars:
Hepliaklqana
Nemelex Xobeh
Okawaru
Qazlal
Sif Muna
Wu Jian
Zin

Annotations:
D:5 1 runed translucent door


Innate Abilities, Weirdness & Mutations

You have a pair of horns on your head.
You reflexively headbutt those who attack you in melee.


Message History

The orc shouts!
You slash the orc!
You kill the orc!
Okawaru accepts your kill.
You hear a shout!
The orc wizard hits you from afar with a +0 spear.
An orc comes into view. It is wielding a +0 whip.
You slash the orc wizard!
The orc wizard is severely wounded.
The orc wizard hits you with a +0 spear.
You closely miss the orc wizard. Your headbutt misses the orc wizard.
The orc wizard is severely wounded.
You barely miss the orc. You slash the orc!
You kill the orc!
Okawaru accepts your kill. The orc closely misses you.
The orc wizard hits you with a +0 spear.
An orc wizard comes into view. It is wielding a +0 dagger.
An orc comes into view. It is wielding a +0 dagger.
You hit the orc wizard. You headbutt the orc wizard.
You kill the orc wizard!
Okawaru accepts your kill.
You closely miss the orc. You hit the orc but do no damage.
You block the orc's attack. The orc barely misses you.
The orc hits you with a +0 whip. The orc hits you with a +0 dagger.
You hit the orc but do no damage. Your headbutt misses the orc.
You slash the orc!
You kill the orc!
Okawaru accepts your kill.
You hit the orc but do no damage. You block the orc's attack.
You slash the orc!
You kill the orc!
You hit the orc. You barely miss the orc. The orc barely misses you.
You furiously retaliate!
You headbutt the orc, but do no damage. The orc hits you with a +0 whip.
You slash the orc!
You kill the orc!
Okawaru accepts your kill.
You hit the orc but do no damage.
A centaur comes into view.
The orc hits you with a +0 whip.
The centaur moves out of view.
You miss the orc wizard. Your headbutt misses the orc wizard.
You slash the orc!
You kill the orc!
Okawaru accepts your kill.
You are no longer corroded.
The orc wizard hits you but does no damage.
The orc hits you but does no damage.
You slash the orc wizard!
You kill the orc wizard!
Okawaru accepts your kill.
You barely miss the orc. You hit the orc. The orc hits you with a +0 club.
The orc hits you but does no damage.
You slash the orc!
You kill the orc!
Okawaru accepts your kill.
You hit the orc. The orc hits you with a +0 dagger.
You closely miss the orc.
The orc is moderately wounded.
You hit the ice beast. The orc hits you but does no damage.
The ice beast hits you but does no damage.
You hit the orc but do no damage.
The orc is moderately wounded.
You hit the ice beast. The orc hits you but does no damage.
The ice beast hits you. The ice beast freezes you!
The ice beast hits you but does no damage.
The orc hits you with a +0 dagger.
You hit the orc. Your headbutt misses the orc.
The orc is heavily wounded.
You slash the ice beast! The orc hits you with a +0 dagger.
The ice beast hits you but does no damage.
You are too injured to fight recklessly!
You are too injured to fight recklessly!
You are too injured to fight recklessly!
You hit the ice beast.
The ice beast is heavily wounded.
You barely miss the orc. The orc completely misses you.
The ice beast hits you but does no damage.
You hit the ice beast.
The ice beast is heavily wounded.
You hit the orc. The orc hits you but does no damage.
The ice beast barely misses you.
You hit the ice beast.
The ice beast is heavily wounded.
You closely miss the orc. The orc hits you with a +0 dagger.
You block the ice beast's attack.
You completely miss the ice beast.
The ice beast is heavily wounded.
You closely miss the orc.
A scorpion comes into view.
The orc barely misses you.
The ice beast hits you but does no damage. x2
The orc hits you but does no damage.
The scorpion moves out of view.
You hit the ice beast but do no damage.
The ice beast is heavily wounded.
You hit the orc.
You kill the orc!
Okawaru accepts your kill. The ice beast hits you. The ice beast freezes you!
You die...

#...#$#.#####....#
..#.###.# #....#
##.....# #.....#
##......###
##......
###.........#
......#
......#.#.#.#
#.....#
#.........# .##..#
##..#)#.#.###
#..)@$.......
#..#Y#.#.##..
##.......# .#
#..####### # #...
..... ...... .....


You could see an ice beast.

Vanquished Creatures
  A water moccasin (D:6)
  A bullfrog (D:6)
  2 scorpions (D:5)
  A howler monkey (D:6)
  3 hounds
  A jelly (D:6)
  Ijyb (D:3)
  2 iguanas
  A sleepcap (D:6)
  2 orc wizards (D:6)
  3 adders
  A dart slug (D:3)
  13 orcs
  2 bats
  4 endoplasms
  2 giant cockroaches
  A hobgoblin (D:2)
  2 quokkas
  4 ball pythons
  A frilled lizard (D:1)
  A goblin (D:1)
  2 kobolds (D:2)
  A rat (D:3)
52 creatures vanquished.

Notes
Turn   | Place    | Note
-------+----------+-------------------------------------------
     0 | D:1      | browni3141 the Minotaur Fighter began the quest for the
                  | Orb.
     0 | D:1      | Reached XP level 1. HP: 19/19 MP: 0/0
   133 | D:2      | Reached XP level 2. HP: 23/27 MP: 1/1
   187 | D:2      | Reached skill level 3 in Axes
   205 | D:3      | Noticed Ijyb
   210 | D:3      | Paralysed by Ijyb for 4 turns
   220 | D:3      | Paralysed by Ijyb for 4 turns
   229 | D:3      | Killed Ijyb
   230 | D:3      | Reached XP level 3. HP: 25/33 MP: 2/2
   372 | D:4      | Reached skill level 4 in Axes
   372 | D:4      | Reached XP level 4. HP: 37/40 MP: 3/3
   419 | D:4      | Reached XP level 5. HP: 35/47 MP: 4/4
   582 | D:4      | Found a staircase to the Ecumenical Temple.
   591 | Temple   | Entered the Ecumenical Temple
   634 | Temple   | Became a worshipper of Warmaster Okawaru
   714 | D:5      | Entered Level 5 of the Dungeon
   714 | D:5      | Found a stormy altar of Qazlal.
   763 | D:5      | Found a runed translucent door.
   777 | D:5      | Reached skill level 5 in Axes
   905 | D:5      | Reached skill level 5 in Fighting
   905 | D:5      | Reached XP level 6. HP: 46/56 MP: 5/5
  1031 | D:6      | Reached skill level 5 in Armour
  1031 | D:6      | Reached skill level 5 in Shields
  1106 | D:6      | Reached * piety under Okawaru
  1203 | D:6      | Reached skill level 1 in Invocations
  1276 | D:6      | Noticed a water moccasin
  1283 | D:6      | Killed a water moccasin
  1284 | D:6      | Reached skill level 6 in Axes
  1284 | D:6      | Reached XP level 7. HP: 36/61 MP: 5/7
  1468 | D:6      | Reached ** piety under Okawaru
  1478 | D:6      | HP: 2/61 [ice beast (3)]
  1478 | D:6      | Mangled by an ice beast

Illustrated notes

Levels and vault maps discovered:
D:1:      kennysheep_arrival_seaside, layout_rooms, serial_park_tiny_2
D:2:      wad_river_or_something, layout_basic,
          dilly_ecumenical_altar_fadedgnrine, small_statue_intersection,
          uniq_jessica
D:3:      layout_basic, trog_wizard, minmay_misc_feat_pillars, uniq_ijyb
D:4:      layout_layer_cave, minitemple, temple_doors_ab, serial_shops,
          kennysheep_mini, uniq_crazy_yiuf_cottage
D:5:      layout_loops_ring, overflow_temple_1_default,
          mainiacjoe_overflow_six_doors_small, ebering_ghost_reflecting_pool,
          palyth_stone_intersect
D:6:      layout_layer_cave, nicolae_ru_great_annihilating_truth,
          gammafunk_ghost_necromancy, serial_glass, glass_columns_b,
          glass_columns_a, item_on_display_a, minmay_strange_pillars,
          feat_on_display, item_on_display_a, uniq_eustachio
Temple:   hellmonk_temple_beads

Skill      XL: |  1  2  3  4  5  6 |
---------------+-------------------+-----
Axes           | 3 4 5 6 |  6.2
Fighting       | 4 5 |  5.6
Armour         | 4 5 |  5.4
Shields        | 4 5 |  5.4
Invocations    | 1 |  1.9

Action                     |  1- 3 |  4- 6 |  7- 9 || total
---------------------------+-------+-------+-------++-------
  Melee: War axe           |    43 |    62 |    21 ||   126
         Headbutt          |     4 |     8 |     3 ||    15
 Armour: Scale mail        |    27 |    52 |    31 ||   110
  Dodge: Dodged            |    27 |    42 |     7 ||    76
  Block: Buckler           |     5 |    21 |     3 ||    29
